[Event "Titled Tuesday Blitz August 22 Late 2023"]
[White "Kozusek, Daniel"]
[Black "ExchangeAB"]
[WhiteFideId "349500"]
[WhiteElo "2601"]
[BlackElo "2461"]
[Result "0-1"]
[Round "11"]
[TimeControl "180+1"]
[Date "2023.08.22"]
[WhiteClock "0:00:23"]
[BlackClock "0:00:35"]
[Board "45"]

1. d4 Nf6 2. c4 c6 3. Nc3 d5 4. cxd5 cxd5 5. Bf4 Nc6 6. e3 Bf5 7. Qb3 Na5 8. Qa4+ Bd7 9. Qc2 Rc8 10. Bd3 e6 11. Nf3 b5 12. a3 Nc4 13. Ne5 Be7 14. O-O O-O 15. Nxd7 Qxd7 16. Bg5 h6 17. Bh4 a6 18. Qe2 Rfd8 19. Rac1 Ne8 20. Bg3 Bd6 21. f4 f5 22. Bh4 Be7 23. Bf2 Nf6 24. Nb1 Nb6 25. Nd2 Rxc1 26. Rxc1 Rc8 27. Qd1 Rxc1 28. Qxc1 Qc8 29. Qxc8+ Nxc8 30. Nb1 Nd7 31. Be1 Kf7 32. Ba5 Nd6 33. Kf2 Nc4 34. Bc3 Nf6 35. Ke2 Ng4 36. Bxc4 dxc4 37. h3 Nf6 38. Ba5 Nd5 39. Nd2 c3 40. bxc3 Bxa3 41. c4 bxc4 42. Nxc4 Bb4 43. Ne5+ Ke8 44. Bxb4 Nxb4 45. Kd2 Nd5 46. Nc4 Kd7 47. g3 Kc6 48. Kd3 Kb5 49. Na3+ Kb4 50. Nc2+ Kb3 51. Na1+ Kb2 52. Nc2 a5 53. g4 a4 54. gxf5 exf5 55. Kd2 a3 56. Nxa3 Kxa3 57. Kd3 Kb4 58. e4 Nxf4+ 59. Ke3 Nxh3 60. exf5 Kc4 61. Ke4 Ng5+ 62. Ke5 Nf3+ 63. Ke6 Nxd4+ 64. Kf7 Nxf5 65. Kg6 0-1


[Site "https://www.chess.com"]

[Event "Titled Tuesday Blitz August 22 Late 2023"]
[White "Willy, Stephen"]
[Black "Karas, Marek"]
[WhiteFideId "30981468"]
[BlackFideId "14928558"]
[WhiteElo "2592"]
[BlackElo "2459"]
[Result "0-1"]
[Round "11"]
[TimeControl "180+1"]
[Date "2023.08.22"]
[WhiteClock "0:00:01"]
[BlackClock "0:01:20"]
[Board "47"]

1. e4 c5 2. c3 d5 3. exd5 Qxd5 4. d4 g6 5. Nf3 Bg7 6. Na3 Nf6 7. Nb5 Na6 8. Be3 cxd4 9. Nbxd4 O-O 10. Bd3 e5 11. c4 Qa5+ 12. Bd2 Qd8 13. O-O exd4 14. b4 Bg4 15. h3 Bxf3 16. Qxf3 Qb6 17. c5 Qc7 18. Rac1 Rad8 19. Bf4 Qc8 20. c6 Nxb4 21. cxb7 Qd7 22. Rc7 Qd5 23. Qd1 Nxd3 24. Qxd3 Qxa2 25. Rfc1 Nd5 26. Rc8 Nxf4 27. Qf3 Ne2+ 28. Kh2 Nxc1 29. Qc6 Be5+ 30. g3 Qxf2+ 31. Kh1 Qe1+ 32. Kh2 Qxg3+ 33. Kh1 Qh2# 0-1


[Site "https://www.chess.com"]

[Event "Titled Tuesday Blitz August 22 Late 2023"]
[White "Principe, Gerson"]
[Black "Ovezdurdyyeva, Jemal"]
[WhiteFideId "3804550"]
[BlackFideId "14001888"]
[WhiteElo "2586"]
[BlackElo "2429"]
[Result "1/2-1/2"]
[Round "11"]
[TimeControl "180+1"]
[Date "2023.08.22"]
[WhiteClock "0:00:12"]
[BlackClock "0:00:07"]
[Board "48"]

1. Nf3 Nf6 2. d4 g6 3. e3 Bg7 4. Be2 O-O 5. O-O b6 6. a4 a5 7. c4 Bb7 8. Nc3 d5 9. b3 Na6 10. Bb2 Nb4 11. Rc1 Ne4 12. cxd5 Nxc3 13. Bxc3 Na2 14. Rc2 Nxc3 15. Rxc3 Bxd5 16. Rc1 Qd6 17. Bc4 Bb7 18. Qe2 Rad8 19. Rfd1 Be4 20. Nd2 Bb7 21. Nf3 Be4 22. Ng5 Ba8 23. Nf3 Qb4 24. e4 e6 25. h4 Rd6 26. Rd3 Rfd8 27. Rcd1 h6 28. e5 R6d7 29. h5 g5 30. Nh2 c6 31. R3d2 Rb7 32. Bd3 Qxb3 33. Qe4 Rbd7 34. Ng4 Rxd4 35. Qh7+ Kf8 36. Nf6 c5 37. Qg8+ Ke7 38. Qxg7 Rxd3 39. Rxd3 Rxd3 40. Re1 Rd1 41. Rxd1 Qxd1+ 42. Kh2 c4 43. Ng8+ Kd8 44. Qf8+ Kc7 45. Qxa8 Qxh5+ 46. Kg1 Qd1+ 47. Kh2 Qh5+ 48. Kg1 Qd1+ 49. Kh2 Qh5+ 1/2-1/2


[Site "https://www.chess.com"]

[Event "Titled Tuesday Blitz August 22 Late 2023"]
[White "Santos Flores, Alberto"]
[Black "Hambleton, Aman"]
[WhiteFideId "3601234"]
[BlackFideId "2606577"]
[WhiteElo "2571"]
[BlackElo "2770"]
[Result "1-0"]
[Round "11"]
[TimeControl "180+1"]
[Date "2023.08.22"]
[WhiteClock "0:01:03"]
[BlackClock "0:00:06"]
[Board "49"]

1. e4 b6 2. d4 Bb7 3. Bd3 e6 4. Nf3 d5 5. e5 Ba6 6. Bxa6 Nxa6 7. c3 Qd7 8. O-O c5 9. Be3 Ne7 10. Nbd2 Nf5 11. g4 Nxe3 12. fxe3 Be7 13. Kg2 Nb8 14. a3 a5 15. Qe2 Nc6 16. Qf2 a4 17. Ne1 O-O 18. Nd3 f6 19. exf6 Rxf6 20. Qe2 Rxf1 21. Rxf1 Bd6 22. Qf3 Rf8 23. Qd1 Rxf1 24. Nxf1 e5 25. Qxa4 exd4 26. exd4 cxd4 27. cxd4 Qxg4+ 28. Ng3 Bxg3 29. hxg3 Qe4+ 30. Kh3 Qh1+ 31. Kg4 h5+ 32. Kg5 Qe4 33. Ne5 Nxe5 34. Qe8+ Kh7 35. Qxh5+ Kg8 36. Qe8+ Kh7 37. Qh5+ Kg8 38. Qe8+ Kh7 39. Qxe5 Qf3 40. Qf5+ Qxf5+ 41. Kxf5 Kh6 42. a4 Kh5 43. b4 Kh6 44. a5 bxa5 45. bxa5 g6+ 46. Kf6 Kh5 47. a6 Kg4 48. Kxg6 Kf3 49. a7 Kg4 50. a8=Q Kh3 51. Qxd5 Kg4 52. Qf5+ Kxg3 53. d5 Kh4 54. d6 Kg3 55. d7 Kh4 56. d8=Q+ Kg3 57. Qdg5+ Kh2 58. Qf2+ Kh3 59. Qgh4# 1-0


[Site "https://www.chess.com"]

[Event "Titled Tuesday Blitz August 22 Late 2023"]
[White "Grebeniuk, Semen"]
[Black "GaiozNigalidze"]
[WhiteFideId "14117509"]
[WhiteElo "2567"]
[BlackElo "2682"]
[Result "0-1"]
[Round "11"]
[TimeControl "180+1"]
[Date "2023.08.22"]
[WhiteClock "0:00:04"]
[BlackClock "0:00:09"]
[Board "50"]

1. d4 Nf6 2. Nf3 c5 3. e3 d5 4. Bd3 cxd4 5. exd4 Nc6 6. c3 Bg4 7. Bf4 e6 8. Nbd2 Bd6 9. Bg3 O-O 10. O-O Bxg3 11. hxg3 Qd6 12. Re1 Rfe8 13. Qb3 Bxf3 14. Nxf3 Rab8 15. a4 Ng4 16. Bb5 Rec8 17. Qd1 Ne7 18. Bd3 Ng6 19. Ng5 Nf6 20. a5 Re8 21. Qb3 Ne7 22. Qc2 h6 23. Nf3 Nc6 24. Ne5 Nd7 25. Nxd7 Qxd7 26. Qe2 a6 27. Qh5 Qe7 28. f4 Qf6 29. Qf3 Rbc8 30. Bc2 Qd8 31. Qd3 g6 32. b4 Ne7 33. Re3 Nf5 34. Rf3 Nd6 35. Re1 Qf6 36. Qe2 Rc7 37. g4 Rec8 38. Qd2 Nc4 39. Qc1 Nd6 40. g5 hxg5 41. fxg5 Qg7 42. Ree3 Nb5 43. Qd2 Nd6 44. Qf2 Nc4 45. Re1 Na3 46. Bd3 Rxc3 47. Rf1 Nb5 48. Rxf7 Qxd4 49. Bxg6 Qxf2+ 50. R1xf2 Nd4 51. Bh7+ Kh8 52. g6 Nf5 53. R7xf5 exf5 54. Rxf5 Rc1+ 55. Kh2 R1c7 56. Rxd5 Kg7 57. Rd6 Re8 58. Rb6 Re5 59. Kg3 Rb5 60. Rxb5 axb5 61. Kf4 Rc4+ 62. Ke5 Rxb4 0-1


[Site "https://www.chess.com"]

[Event "Titled Tuesday Blitz August 22 Late 2023"]
[White "Grossboss19"]
[Black "Schnaider, Ilan"]
[BlackFideId "169013"]
[WhiteElo "2541"]
[BlackElo "2681"]
[Result "0-1"]
[Round "11"]
[TimeControl "180+1"]
[Date "2023.08.22"]
[WhiteClock "0:00:08"]
[BlackClock "0:01:01"]
[Board "51"]

1. c4 Nf6 2. Nc3 g6 3. d4 d5 4. e3 Bg7 5. cxd5 Nxd5 6. Bc4 Nb6 7. Bb3 O-O 8. Nf3 Na6 9. O-O c5 10. a3 Bg4 11. dxc5 Nxc5 12. Bc2 Rc8 13. h3 Be6 14. Nd4 Bc4 15. Re1 e5 16. Nf3 Qe7 17. Nd2 Rfd8 18. Qg4 Bd3 19. Bd1 f5 20. Qg3 e4 21. Ne2 Kh8 22. Ra2 Be5 23. f4 Bf6 24. Qf2 Bb5 25. Bc2 Bd3 26. Bd1 Bc4 27. Nxc4 Nd3 28. Nxb6 Rxc1 29. Qf1 Nxe1 30. Nxc1 Rxd1 31. Kf2 Nd3+ 32. Nxd3 Rxf1+ 33. Kxf1 exd3 34. Nd5 Qe6 35. Nxf6 Qxa2 0-1


[Site "https://www.chess.com"]

[Event "Titled Tuesday Blitz August 22 Late 2023"]
[White "Erzhanov, Arman"]
[Black "Vovk, Orest"]
[WhiteFideId "4138821"]
[BlackFideId "14113490"]
[WhiteElo "2605"]
[BlackElo "2537"]
[Result "1-0"]
[Round "11"]
[TimeControl "180+1"]
[Date "2023.08.22"]
[WhiteClock "0:00:47"]
[BlackClock "0:00:00"]
[Board "52"]

1. e4 g6 2. d4 Nf6 3. Nc3 d5 4. e5 Ne4 5. Nge2 c5 6. Nxe4 dxe4 7. c3 Nc6 8. Be3 Bg4 9. h3 Bxe2 10. Bxe2 cxd4 11. cxd4 Qa5+ 12. Qd2 Qxd2+ 13. Kxd2 O-O-O 14. Kc3 e6 15. a3 Ne7 16. Kb3 Nd5 17. Bg5 Be7 18. Bd2 Bh4 19. g3 e3 20. fxe3 Bxg3 21. Rhf1 Rd7 22. Rac1+ Kb8 23. Bb5 Re7 24. e4 Nc7 25. Bc4 Rd7 26. Be3 Bh4 27. Rcd1 h6 28. d5 Bg5 29. Bc5 exd5 30. exd5 Re8 31. Bd6 Kc8 32. Bxc7 Rxc7 33. d6 Rd7 34. Bb5 Rxe5 35. Bxd7+ Kxd7 36. Rxf7+ Kc6 37. Rc7+ Kb6 38. Rc3 Re8 39. d7 Rd8 40. Rd5 a6 41. a4 Ka7 42. a5 Kb8 43. Rc4 Be7 44. Re4 Bg5 45. h4 1-0


[Site "https://www.chess.com"]

[Event "Titled Tuesday Blitz August 22 Late 2023"]
[White "Gurevich, Dmitry"]
[Black "Vlassov, Nikolai"]
[WhiteFideId "2000407"]
[BlackFideId "4103360"]
[WhiteElo "2535"]
[BlackElo "2603"]
[Result "0-1"]
[Round "11"]
[TimeControl "180+1"]
[Date "2023.08.22"]
[WhiteClock "0:01:23"]
[BlackClock "0:01:55"]
[Board "53"]

1. d4 Nf6 2. c4 Nc6 3. Nf3 e6 4. Nc3 Bb4 5. Qc2 d6 6. Bd2 O-O 7. a3 Bxc3 8. Bxc3 Qe7 9. e3 e5 10. dxe5 dxe5 11. Be2 Bg4 12. O-O a5 13. b3 Rfe8 14. h3 Bh5 15. Qb2 Ne4 16. Be1 f6 17. Nxe5 Qxe5 18. Qxe5 Rxe5 19. f3 Nc5 20. e4 Nxb3 21. Rb1 a4 22. Bd1 Bf7 23. Rf2 Bxc4 24. Rfb2 b5 0-1


[Site "https://www.chess.com"]

[Event "Titled Tuesday Blitz August 22 Late 2023"]
[White "Swicarz, Maciej"]
[Black "Kim, Sergey"]
[WhiteFideId "1113585"]
[BlackFideId "13700570"]
[WhiteElo "2520"]
[BlackElo "2596"]
[Result "0-1"]
[Round "11"]
[TimeControl "180+1"]
[Date "2023.08.22"]
[WhiteClock "0:01:57"]
[BlackClock "0:01:39"]
[Board "54"]

1. e4 e5 2. Nf3 Nc6 3. c3 d5 4. Qa4 f6 5. d3 Ne7 6. Nbd2 Be6 7. Be2 Qd7 8. Qc2 Ng6 9. g3 Be7 10. h4 O-O-O 11. a3 f5 12. b4 fxe4 13. dxe4 d4 14. Bb5 a6 15. Bxc6 Qxc6 16. h5 dxc3 17. Nb1 Bg4 18. hxg6 Bxf3 19. Rxh7 Rxh7 20. gxh7 Qxe4+ 21. Qxe4 Rd1# 0-1


[Site "https://www.chess.com"]

[Event "Titled Tuesday Blitz August 22 Late 2023"]
[White "Michalczak, Thomas"]
[Black "Pinheiro, Iung Alicio de O."]
[WhiteFideId "4622634"]
[BlackFideId "2104350"]
[WhiteElo "2503"]
[BlackElo "2584"]
[Result "1-0"]
[Round "11"]
[TimeControl "180+1"]
[Date "2023.08.22"]
[WhiteClock "0:00:38"]
[BlackClock "0:00:00"]
[Board "55"]

1. e4 e5 2. Nf3 Nc6 3. Bb5 a6 4. Ba4 d6 5. O-O Bd7 6. c4 Nge7 7. Nc3 Ng6 8. d3 Be7 9. Re1 O-O 10. Nd5 Kh8 11. h3 f5 12. Bxc6 bxc6 13. Nxe7 Qxe7 14. Bg5 Qf7 15. Bd2 h6 16. b3 fxe4 17. dxe4 Bxh3 18. gxh3 Qxf3 19. Qxf3 Rxf3 20. Re3 Rf7 21. f3 c5 22. Rf1 a5 23. Rd3 Nf8 24. f4 exf4 25. Bxf4 Ne6 26. Be3 Rxf1+ 27. Kxf1 a4 28. e5 axb3 29. axb3 Ra6 30. exd6 cxd6 31. Kg2 Kg8 32. Kf3 Kf7 33. Ke4 Ke7 34. Kd5 Kd7 35. Ke4 Kc6 36. Kf5 Nf8 37. Bf4 Kd7 38. Be3 Ke7 39. Bf4 Ne6 40. Re3 g6+ 41. Kxg6 Kd7 42. Bxh6 Nd4 43. Bg7 Ne6 44. Bf6 Ra2 45. h4 Rg2+ 46. Kf5 Rf2+ 47. Kg6 Rg2+ 48. Kf5 Rf2+ 49. Kg6 Nf4+ 50. Kh6 Ne6 51. Bg5 Rf5 52. Kg6 Rf2 53. Rh3 Rg2 54. Kf5 Nd4+ 55. Ke4 Rg1 56. Be3 Rg4+ 57. Kd3 Nxb3 58. h5 d5 59. cxd5 c4+ 60. Kc3 Na5 61. h6 Rg8 62. h7 Rh8 63. Bd4 1-0


[Site "https://www.chess.com"]

[Event "Titled Tuesday Blitz August 22 Late 2023"]
[White "Roebers, Eline"]
[Black "Pinto, Daniel"]
[WhiteFideId "1058401"]
[BlackFideId "3303144"]
[WhiteElo "2583"]
[BlackElo "2469"]
[Result "1-0"]
[Round "11"]
[TimeControl "180+1"]
[Date "2023.08.22"]
[WhiteClock "0:01:45"]
[BlackClock "0:00:00"]
[Board "56"]

1. e4 e5 2. Nf3 Nc6 3. Nc3 Nf6 4. a3 d5 5. Bb5 d4 6. Ne2 Bd6 7. d3 Nh5 8. h3 a6 9. Ba4 b5 10. Bb3 Be6 11. Bxe6 fxe6 12. c3 dxc3 13. bxc3 O-O 14. d4 exd4 15. cxd4 e5 16. Be3 exd4 17. Nexd4 Nxd4 18. Nxd4 Qe8 19. Nf5 Be5 20. Rc1 Rd8 21. Qg4 Kh8 22. O-O Qf7 23. Rfd1 Nf6 24. Qh4 Rxd1+ 25. Rxd1 g6 26. Nh6 Qb3 27. Re1 Bc3 28. Rf1 Qe6 29. f3 Rc8 30. Qg5 c5 31. Rc1 Qe5 32. Nf7+ Kg7 33. Nxe5 1-0


[Site "https://www.chess.com"]

[Event "Titled Tuesday Blitz August 22 Late 2023"]
[White "Zeck_CH"]
[Black "Annaberdiyev, Meylis"]
[BlackFideId "14000563"]
[WhiteElo "2487"]
[BlackElo "2648"]
[Result "0-1"]
[Round "11"]
[TimeControl "180+1"]
[Date "2023.08.22"]
[WhiteClock "0:00:48"]
[BlackClock "0:00:43"]
[Board "57"]

1. e4 c5 2. Nf3 Nc6 3. Bb5 d6 4. Bxc6+ bxc6 5. e5 e6 6. exd6 Bxd6 7. O-O Ne7 8. Re1 O-O 9. b3 Qc7 10. Bb2 f6 11. Na3 e5 12. Nc4 Bg4 13. h3 Bh5 14. d3 Nd5 15. Ne3 Nf4 16. Nf5 Rae8 17. Ng3 Bg6 18. Qd2 Bf7 19. c4 Bg6 20. Ne4 Be7 21. Nh4 Rd8 22. Nxg6 hxg6 23. Re3 f5 24. Ng3 e4 25. Bc3 Nxd3 26. Ba5 Qe5 27. Rae1 Nxe1 28. Bxd8 Rxd8 29. Qxe1 Bg5 30. Re2 Qd4 31. Nf1 Qd1 32. g3 Qxe1 33. Rxe1 Kf7 34. Kg2 Rd3 35. Re2 a5 36. h4 Bh6 37. Ne3 Bxe3 38. fxe3 Kf6 39. Kf2 g5 40. hxg5+ Kxg5 41. Rb2 Kg4 42. a3 g5 43. b4 cxb4 44. axb4 axb4 45. Rxb4 Rd2+ 46. Ke1 Rc2 47. Rb6 Rxc4 0-1


[Site "https://www.chess.com"]

[Event "Titled Tuesday Blitz August 22 Late 2023"]
[White "Buchenau, Frank"]
[Black "Hjartarson, Johann"]
[WhiteFideId "4604350"]
[BlackFideId "2300044"]
[WhiteElo "2462"]
[BlackElo "2628"]
[Result "1/2-1/2"]
[Round "11"]
[TimeControl "180+1"]
[Date "2023.08.22"]
[WhiteClock "0:00:51"]
[BlackClock "0:00:32"]
[Board "58"]

1. e4 g6 2. d4 Bg7 3. Nc3 d6 4. Nf3 a6 5. Bc4 b5 6. Bd5 c6 7. Bb3 e6 8. O-O Ne7 9. e5 d5 10. a4 Bb7 11. Ne2 Nd7 12. c3 h6 13. h4 c5 14. Bc2 Qc7 15. Be3 Nf5 16. Bxf5 gxf5 17. axb5 axb5 18. Rxa8+ Bxa8 19. Nf4 Bf8 20. Nh5 Rg8 21. Qd2 Rg6 22. Ra1 Bc6 23. b3 Qb7 24. Qa2 b4 25. Nf4 Rg4 26. cxb4 c4 27. b5 Qxb5 28. bxc4 dxc4 29. Rb1 Qa4 30. Qxa4 Bxa4 31. Nd2 c3 32. Nc4 Bc6 33. Rc1 Bb4 34. Rb1 Be7 35. Rc1 Bb4 36. Rb1 Be7 37. Rc1 Bb4 1/2-1/2


[Site "https://www.chess.com"]

[Event "Titled Tuesday Blitz August 22 Late 2023"]
[White "Almiron, Antonio"]
[Black "The_Straightforward_Rook"]
[WhiteFideId "3701166"]
[WhiteElo "2619"]
[BlackElo "2460"]
[Result "1-0"]
[Round "11"]
[TimeControl "180+1"]
[Date "2023.08.22"]
[WhiteClock "0:00:25"]
[BlackClock "0:00:14"]
[Board "59"]

1. e4 e5 2. Nf3 Nc6 3. Bc4 Bc5 4. c3 Nf6 5. d4 exd4 6. e5 d5 7. Bb5 Ne4 8. cxd4 Bb6 9. Nc3 O-O 10. Be3 f5 11. Qb3 Nxc3 12. bxc3 Kh8 13. Bg5 Qe8 14. h4 Be6 15. h5 a6 16. Bd3 Na5 17. Qb1 h6 18. Bd2 Nc4 19. Qc1 Nxd2 20. Qxd2 Ba5 21. O-O-O Qa4 22. Kb2 b5 23. Qc2 Qxc2+ 24. Bxc2 Rab8 25. a3 Rfc8 26. Nh4 c5 27. Bxf5 Bxf5 28. Nxf5 cxd4 29. cxd4 Bc3+ 30. Kb3 b4 31. a4 a5 32. g4 Rb7 33. Rh3 Rbc7 34. Nd6 Rf8 35. Nb5 Rcc8 36. Nxc3 bxc3 37. Rxc3 Rb8+ 38. Kc2 Rxf2+ 39. Rd2 Rf4 40. Rc5 Rxg4 41. Rxd5 Rg5 42. Rxa5 Rxh5 43. Rb5 Rh3 44. Rxb8+ 1-0


[Site "https://www.chess.com"]

[Event "Titled Tuesday Blitz August 22 Late 2023"]
[White "Shohat, Yotam"]
[Black "Karttunen, Mika"]
[WhiteFideId "2813955"]
[BlackFideId "502081"]
[WhiteElo "2459"]
[BlackElo "2616"]
[Result "0-1"]
[Round "11"]
[TimeControl "180+1"]
[Date "2023.08.22"]
[WhiteClock "0:01:48"]
[BlackClock "0:00:33"]
[Board "60"]

1. e4 c5 2. Nf3 d6 3. d4 cxd4 4. Qxd4 Nc6 5. Bb5 e5 6. Qd3 a6 7. Bxc6+ bxc6 8. Na3 h6 9. Nc4 Nf6 10. b3 Be7 11. Ba3 c5 12. O-O-O O-O 13. Nxd6 Bxd6 14. Qxd6 Qxd6 15. Rxd6 Nxe4 16. Rd5 Nxf2 17. Rf1 Ng4 18. Bxc5 Re8 19. h3 Be6 20. Rd2 Nf6 21. Nxe5 Ne4 22. Bd4 Nxd2 23. Kxd2 Rad8 24. c3 Bd5 25. Rf2 Bxg2 26. Nc6 Bxc6 0-1


[Site "https://www.chess.com"]

[Event "Titled Tuesday Blitz August 22 Late 2023"]
[White "Salazar Farias, Luis German"]
[Black "Garcia Blanco, Omar"]
[WhiteFideId "3902170"]
[BlackFideId "2287153"]
[WhiteElo "2459"]
[BlackElo "2594"]
[Result "0-1"]
[Round "11"]
[TimeControl "180+1"]
[Date "2023.08.22"]
[WhiteClock "0:00:12"]
[BlackClock "0:00:12"]
[Board "61"]

1. d4 Nf6 2. c4 c5 3. d5 b5 4. cxb5 a6 5. e3 g6 6. Nc3 Bg7 7. a4 O-O 8. e4 e6 9. e5 Nxd5 10. Nxd5 exd5 11. Qxd5 Ra7 12. Nf3 Bb7 13. Qxc5 Bxf3 14. Qxa7 Bd5 15. f3 Re8 16. Be2 Bxe5 17. O-O Qh4 18. f4 Bd6 19. Qd4 Bxg2 20. Kxg2 Rxe2+ 21. Rf2 Re1 22. Qc3 Qg4+ 23. Qg3 Qd1 24. Kh3 Be7 25. Qf3 Qd6 26. Re2 Rg1 27. f5 Qf6 28. Bg5 Rxg5 29. Rae1 Rh5+ 30. Kg2 Rxf5 31. Qg3 Rg5 32. Rxe7 Rxg3+ 33. hxg3 Kg7 34. Re8 Qb6 35. R1e5 axb5 36. axb5 Qd6 37. Re2 Qd5+ 38. Kh2 Qxb5 39. R8e3 Nc6 40. Rd2 Qh5+ 41. Kg2 Ne5 42. Rde2 d6 43. Re4 Ng4 44. Kf3 Nf6+ 45. g4 Qh3+ 46. Kf4 Qxg4+ 47. Ke3 Qxe4+ 48. Kd2 Qd4+ 49. Kc2 Ne4 50. Re1 Qd2+ 51. Kb3 Qxe1 52. Ka4 Qc1 53. b3 d5 54. b4 d4 55. b5 d3 56. b6 Qb2 57. b7 Qxb7 58. Ka5 d2 59. Ka4 d1=Q+ 60. Ka5 Qa1# 0-1


[Site "https://www.chess.com"]

[Event "Titled Tuesday Blitz August 22 Late 2023"]
[White "KrokerGuy"]
[Black "Kochiev, Ivan"]
[BlackFideId "2917890"]
[WhiteElo "2458"]
[BlackElo "2570"]
[Result "1-0"]
[Round "11"]
[TimeControl "180+1"]
[Date "2023.08.22"]
[WhiteClock "0:01:36"]
[BlackClock "0:01:24"]
[Board "62"]

1. e4 c5 2. Nf3 d6 3. d4 cxd4 4. Nxd4 Nf6 5. Nc3 Nc6 6. Bg5 e6 7. Qd3 a6 8. Nxc6 bxc6 9. O-O-O Be7 10. Qg3 d5 11. Bd3 O-O 12. Kb1 c5 13. exd5 Nxd5 14. Nxd5 exd5 15. Qh4 1-0


[Site "https://www.chess.com"]

[Event "Titled Tuesday Blitz August 22 Late 2023"]
[White "Czerw, Dawid"]
[Black "Chor, Kevin"]
[WhiteFideId "1145746"]
[BlackFideId "2090740"]
[WhiteElo "2457"]
[BlackElo "2565"]
[Result "0-1"]
[Round "11"]
[TimeControl "180+1"]
[Date "2023.08.22"]
[WhiteClock "0:00:49"]
[BlackClock "0:00:31"]
[Board "63"]

1. e4 c5 2. Nf3 Nc6 3. d4 cxd4 4. Nxd4 g6 5. Nc3 Bg7 6. Be3 Nf6 7. Nxc6 bxc6 8. e5 Ng8 9. f4 f6 10. e6 d5 11. f5 Nh6 12. g4 Qd6 13. Qf3 Bb7 14. O-O-O O-O-O 15. Na4 d4 16. Rxd4 c5 17. Rxd6 Bxf3 18. Rxd8+ Rxd8 19. Ba6+ Kc7 20. Rf1 Bxg4 21. Bxc5 Nxf5 22. Bxa7 Bh6+ 23. Kb1 Ra8 24. Bb6+ Kc6 25. Bc8 Rxc8 26. c4 Ra8 0-1


[Site "https://www.chess.com"]

[Event "Titled Tuesday Blitz August 22 Late 2023"]
[White "Boor, Carl"]
[Black "Blackburn, Jonathan L B"]
[WhiteFideId "2017008"]
[BlackFideId "1801090"]
[WhiteElo "2557"]
[BlackElo "2454"]
[Result "0-1"]
[Round "11"]
[TimeControl "180+1"]
[Date "2023.08.22"]
[WhiteClock "0:00:00"]
[BlackClock "0:00:39"]
[Board "64"]

1. d4 Nf6 2. c4 g6 3. g3 Bg7 4. Bg2 d6 5. Nc3 O-O 6. Nf3 c5 7. O-O Nc6 8. dxc5 dxc5 9. Be3 Be6 10. Qa4 Nd7 11. Ng5 Nb6 12. Nxe6 fxe6 13. Qc2 Nd4 14. Bxd4 cxd4 15. Ne4 Rc8 16. b3 d3 17. exd3 Bxa1 18. Rxa1 Qd4 19. Re1 Nd5 20. Qd2 Nc7 21. Qh6 Qg7 22. Qxg7+ Kxg7 23. Ng5 b6 24. Nxe6+ Nxe6 25. Rxe6 Rc7 26. d4 Rf6 27. Re3 Rd6 28. d5 a6 29. a4 b5 30. axb5 axb5 31. Bf1 b4 32. Re4 Kf6 33. Bh3 Ra6 34. Be6 Ra3 35. Re3 Rxc4 36. Bg4 Rxg4 0-1


[Site "https://www.chess.com"]

[Event "Titled Tuesday Blitz August 22 Late 2023"]
[White "Dwilewicz, Katarzyna"]
[Black "Estrada Nieto, Julian"]
[WhiteFideId "1148486"]
[BlackFideId "5101018"]
[WhiteElo "2436"]
[BlackElo "2531"]
[Result "1-0"]
[Round "11"]
[TimeControl "180+1"]
[Date "2023.08.22"]
[WhiteClock "0:00:48"]
[BlackClock "0:00:00"]
[Board "65"]

1. e4 e5 2. Nf3 Nc6 3. Bc4 Bc5 4. c3 Nf6 5. d3 d6 6. O-O a6 7. Bb3 Ba7 8. Nbd2 O-O 9. h3 Be6 10. Re1 Re8 11. Nf1 Bxb3 12. axb3 d5 13. Ng3 dxe4 14. dxe4 Qxd1 15. Rxd1 Rad8 16. Bg5 h6 17. Bxf6 gxf6 18. Kf1 Ne7 19. Nh5 Rxd1+ 20. Rxd1 Rc8 21. Nxf6+ Kf8 22. Nxe5 Ng8 23. Nxg8 Kxg8 24. Rd7 Re8 25. f4 Bb8 26. Ng4 Kg7 27. e5 Kg6 28. Ne3 Ba7 29. Nd5 Kf5 30. Rxc7 Rd8 31. c4 Ke4 32. Rxb7 Bd4 33. Rxf7 Rb8 34. b4 Rc8 35. Nf6+ Kd3 36. c5 a5 37. e6 axb4 38. e7 Bxf6 39. Rxf6 Re8 40. Re6 b3 41. f5 Kc2 42. Re2+ Kd1 43. f6 Rc8 44. e8=Q 1-0


[Site "https://www.chess.com"]

[Event "Titled Tuesday Blitz August 22 Late 2023"]
[White "Bueno, Alfeu Junior Varela"]
[Black "ATM622"]
[WhiteFideId "2108879"]
[WhiteElo "2434"]
[BlackElo "2521"]
[Result "1-0"]
[Round "11"]
[TimeControl "180+1"]
[Date "2023.08.22"]
[WhiteClock "0:01:34"]
[BlackClock "0:02:02"]
[Board "66"]

1. e4 c6 2. d4 d5 3. f3 e6 4. Nc3 Bb4 5. Bf4 Ne7 6. Qd3 b6 7. Ne2 Ba6 8. Qe3 O-O 9. O-O-O Nd7 10. a3 Bxc3 11. Nxc3 c5 12. Bxa6 cxd4 13. Qxd4 e5 14. Bxe5 Nc6 15. Qxd5 Ndxe5 16. Bb7 Qg5+ 17. Qd2 Qxd2+ 18. Rxd2 Rad8 19. Rhd1 Rb8 20. Bxc6 Nxc6 21. Rd7 b5 22. Rc7 Rb6 23. Nd5 Ra6 24. Rxc6 1-0


[Site "https://www.chess.com"]

[Event "Titled Tuesday Blitz August 22 Late 2023"]
[White "arenal72"]
[Black "chessmateto"]
[WhiteElo "2521"]
[BlackElo "2429"]
[Result "1-0"]
[Round "11"]
[TimeControl "180+1"]
[Date "2023.08.22"]
[WhiteClock "0:00:15"]
[BlackClock "0:00:00"]
[Board "67"]

1. e4 c6 2. Nf3 d5 3. Nc3 dxe4 4. Nxe4 Nf6 5. Qe2 Nxe4 6. Qxe4 Nd7 7. Bc4 Nf6 8. Ne5 e6 9. Qe2 b5 10. Bd3 Qc7 11. Nxc6 Bb7 12. Ne5 a6 13. O-O Bd6 14. f4 O-O 15. c3 Nd5 16. Bc2 Nxf4 17. Rxf4 Bxe5 18. Rh4 g6 19. d4 Bf6 20. Rf4 Bg7 21. Rf2 Rfe8 22. Bf4 Qc6 23. Raf1 Re7 24. Be5 Bxe5 25. Qxe5 Qd5 26. Qf6 Rae8 27. a3 Qd7 28. Qe5 Bd5 29. Rf4 Qb7 30. Rh4 Bxg2 31. Rff4 Qd5 32. Qf6 Bh1 33. Rfg4 Qf3 34. Qg5 f5 35. Rg3 Qd5 36. Rxh7 Rxh7 37. Qxg6+ Kf8 38. Qxh7 1-0


[Site "https://www.chess.com"]

[Event "Titled Tuesday Blitz August 22 Late 2023"]
[White "Jovic, Stanoje"]
[Black "Romero Ruscalleda, Josep"]
[WhiteFideId "905020"]
[BlackFideId "2231859"]
[WhiteElo "2514"]
[BlackElo "2417"]
[Result "1-0"]
[Round "11"]
[TimeControl "180+1"]
[Date "2023.08.22"]
[WhiteClock "0:01:03"]
[BlackClock "0:00:12"]
[Board "68"]

1. c4 g6 2. g3 Bg7 3. Bg2 e5 4. Nc3 f5 5. d3 d6 6. e4 Nc6 7. Nge2 Nf6 8. Rb1 a5 9. a3 O-O 10. O-O Be6 11. b4 axb4 12. axb4 Rb8 13. b5 Nd4 14. Nxd4 exd4 15. exf5 Bxf5 16. Ne2 Nd7 17. Bb2 Nc5 18. Nxd4 Bxd3 19. Ne6 Nxe6 20. Qxd3 Bxb2 21. Rxb2 Qf6 22. Re2 Nc5 23. Qd5+ Kg7 24. Rfe1 Rf7 25. f4 Rbf8 26. h4 h6 27. Bf3 Qc3 28. Re3 Qb2 29. R1e2 Qa1+ 30. Kg2 Rf5 31. Re7+ R8f7 32. Rxf7+ Rxf7 33. h5 g5 34. fxg5 Qc3 35. gxh6+ Kf8 36. h7 Nd3 37. Qxd3 Qxd3 38. h8=Q# 1-0


[Site "https://www.chess.com"]

[Event "Titled Tuesday Blitz August 22 Late 2023"]
[White "Polaczek, Richard"]
[Black "Janaszak, Dawid"]
[WhiteFideId "200026"]
[BlackFideId "1119206"]
[WhiteElo "2412"]
[BlackElo "2511"]
[Result "0-1"]
[Round "11"]
[TimeControl "180+1"]
[Date "2023.08.22"]
[WhiteClock "0:00:02"]
[BlackClock "0:00:44"]
[Board "69"]

1. d4 Nf6 2. Bg5 d5 3. Bxf6 gxf6 4. c4 e6 5. cxd5 Qxd5 6. Nc3 Qa5 7. Nf3 Bd7 8. g3 Bc6 9. Bg2 Nd7 10. O-O f5 11. a3 Bxf3 12. Bxf3 c6 13. b4 Qc7 14. b5 Bg7 15. bxc6 bxc6 16. Qa4 O-O 17. Rac1 Nb6 18. Qa6 Qc8 19. Qa5 Nc4 20. Qc5 Nd2 21. Bxc6 Rb8 22. Rfd1 Nb3 23. Qd6 Rd8 24. Nd5 exd5 25. Qe7 Nxc1 26. Rxc1 Qe6 27. Qxa7 Rbc8 28. Qc5 Rd6 0-1


[Site "https://www.chess.com"]